 Dungeon Crawl Stone Soup version 0.27-a0-412-g8dd771eca2 (webtiles) character file.

Game seed: 5403458828157611784

4151 quinnr the Basher (level 10, -28/74 HPs)
             Began as a Demonspawn Fighter on Feb 23, 2021.
             Was a Follower of Yredelemnul.
             Hit by a large rock thrown by a cyclops (40 damage)
             ... on level 7 of the Dungeon.
             The game lasted 00:31:45 (11329 turns).

quinnr the Basher (Demonspawn Fighter)             Turns: 11329, Time: 00:31:46

Health: -28/74     AC:  9    Str: 20    XL:     10   Next: 7%
Magic:  4/4        EV:  5    Int:  9    God:    Yredelemnul [*.....]
Gold:   65         SH: 15    Dex: 13    Spells: 9/9 levels left

rFire    + . .     SeeInvis .   F - +3 morningstar (antimagic)
rCold    + + .     Faith    .   c - +1 kite shield
rNeg     + . .     Spirit   .   m - +0 chain mail
rPois    .         Reflect  .   (no helmet)
rElec    .         Harm     .   (no cloak)
rCorr    .         Rampage  .   (no gloves)
Will     .....                  (boots unavailable)
Stlth    ..........             (no amulet)
HPRegen  0.22/turn              j - ring of protection from cold
MPRegen  0.18/turn              o - ring "Adghismom" {rF+ rC+ rN+}

@: no status effects
A: hooves 3, large bone plates 1, magic regeneration
a: Renounce Religion, Animate Remains


You were on level 7 of the Dungeon.
You worshipped Yredelemnul.
Yredelemnul was aware of your devotion.
You visited 2 branches of the dungeon, and saw 9 of its levels.

You collected 413 gold pieces.
You spent 348 gold pieces at shops.

Inventory:

Hand Weapons
 d - a +4 flail
 A - a +1 whip of distortion
 B - a +0 hunting sling
 F - a +3 antimagic morningstar (weapon)
Missiles
 h - 205 stones (quivered)
 y - 7 curare-tipped darts
 C - 38 sling bullets
 E - 21 poisoned darts
Armour
 c - a +1 kite shield (worn)
 m - a +0 chain mail (worn)
Jewellery
 j - a ring of protection from cold (left hand)
 k - a ring of flight
 o - the ring "Adghismom" (right hand) {rF+ rC+ rN+}
   (You bought it in a shop on level 4 of the Dungeon)

   [ring of protection from fire]

   It protects you from fire.
   It protects you from cold.
   It protects you from negative energy.
 p - a +6 ring of intelligence
 q - a +6 ring of intelligence
 z - a ring of fire
Wands
 D - a wand of mindburst (5)
Scrolls
 g - a scroll of immolation
 i - a scroll of amnesia
 n - 4 scrolls of teleportation
 r - 2 scrolls of fear {unknown}
 s - 2 scrolls of enchant weapon {unknown}
 t - 2 scrolls of fog {unknown}
 u - a scroll of blinking {unknown}
 v - a scroll of magic mapping
 w - a scroll of enchant armour
Potions
 a - a potion of brilliance
 e - a potion of flight
 f - 3 potions of mutation
 x - a potion of berserk rage {unknown}


   Skills:
 - Level 5.0 Fighting
 * Level 10.2 Maces & Flails
 - Level 2.0 Throwing
 - Level 5.0 Armour
 - Level 5.0 Shields
 - Level 4.0 Invocations
 + Level 3.9 Evocations


You had 9 spell levels left.
You didn't know any spells.
Your spell library was empty.

Dungeon Overview and Level Annotations

Branches:
Dungeon (8/15)             Temple (1/1) D:7
   Lair: D:8-11

Altars:
Ashenzari
Cheibriados
Dithmenos
Elyvilon
Fedhas
Gozag
Kikubaaqudgha
Makhleb
Nemelex Xobeh
Okawaru
Qazlal
Ru
Sif Muna
Trog
Uskayaw
Vehumet
Wu Jian
Xom
Yredelemnul
Zin
The Shining One

Shops:
D:4 *   D:7 *

Annotations:
D:2 1 runed translucent door, Crazy Yiuf


Innate Abilities, Weirdness & Mutations

You have hooves in place of feet.
You are partially covered in large bone plates. (SH +4)
You regenerate magic rapidly.


Message History

A cyclops is nearby!
Aiming: Mindburst
Press: ? - help, Shift-Dir - straight line, f - cyclops
Aim: a cyclops, quivering large rocks (wandering, hasn't noticed you, chance to affect: 65%)
The cyclops shouts!
The cyclops struggles to resist.
The cyclops throws a large rock.
The large rock hits you!!!
Ouch! That really hurt!
You feel much better. You block the cyclops's attack.
Your chain mail prevents you from hitting the cyclops.
Your kick misses the cyclops. You block the cyclops's attack.
You completely miss the cyclops. You kick the cyclops.
The cyclops is lightly wounded.
The cyclops hits you!!
Okay, then.
Aiming: Mindburst
Press: ? - help, Shift-Dir - straight line, f/p - cyclops
Aim: a cyclops, quivering large rocks (lightly wounded, chance to affect: 65%)
The cyclops struggles to resist.
Aiming: Mindburst
Press: ? - help, Shift-Dir - straight line, f/p - cyclops
Aim: a cyclops, quivering large rocks (lightly wounded, chance to affect: 65%)
The cyclops struggles to resist.
You block the cyclops's attack.
You hit the cyclops but do no damage.
The cyclops is lightly wounded.
The cyclops hits you!!
* * * LOW HITPOINT WARNING * * *
Unknown command.
Okay, then.
You hit the cyclops. You kick the cyclops, but do no damage.
The cyclops is lightly wounded.
The cyclops hits you!
* * * LOW HITPOINT WARNING * * *
Unknown command.
You see here a +0 hand axe.
Okay, then.
You feel better.
The cyclops throws a large rock.
The large rock hits you!!!
Ouch! That really hurt!
You die...
Your body rises from the dead as a mindless zombie.

#.##.....##.#............<#.#
#.#)..[...#.#..#..###.#.#.#.#
.##|).#........≈≈≈≈≈#.#.#.#.#
#.#.......#.#..≈###≈#.#.#.#.#
#.##.....##.#.§≈#∩'...#.#.#[#
##.##.|)##.##..≈###§..#.#.#.#
.##.#####.##...≈§§§≈#.#.#.#.#
..##.....##....#.§#.#.#.....#
...###.###.....#@>#.........#
.............#....###.......##
............#...C###.........##
...########....#....._..⌠.._..#
...# ######.####...........#
#+#######..........##.........#
...................+..........#
#.##...##..........####...##.##
#.##...##..........# ######.#


You could see a cyclops.

Vanquished Creatures
  A two-headed ogre (D:7)
  Eustachio (D:6)
  A water moccasin (D:6)
  4 ice beasts
  2 black bears (D:6)
  5 ogres
  7 centaurs
  2 phantoms
  2 kobold brigands
  3 bullfrogs
  A wyvern zombie (D:7)
  A water moccasin skeleton (D:7)
  2 scorpions
  3 wights (D:7)
  A howler monkey (D:6)
  A centaur zombie (D:6)
  2 hounds
  A jelly (D:7)
  A gnoll shaman (D:6)
  3 iguanas
  An orc wizard (D:6)
  Natasha (thrice) (D:2)
  7 worker ants
  19 gnolls
  8 adders
  2 white imps
  An ufetubus (D:7)
  5 worms
  A dart slug (D:2)
  5 leopard geckos
  30 orcs
  5 giant cockroaches
  6 goblins
  9 hobgoblins
  7 jackals
  7 kobolds
  3 quokkas
  2 bats
  3 frilled lizards
  2 jackal skeletons
  A leopard gecko skeleton (D:4)
  7 rats
  A spectral orc (D:5)
179 creatures vanquished.

Vanquished Creatures (others)
  An ogre zombie (D:7)
  A bullfrog skeleton (D:7)
  A centaur zombie (D:7)
  A hound skeleton (D:7)
  4 plants (D:2)
8 creatures vanquished.

Grand Total: 187 creatures vanquished

Notes
Turn   | Place    | Note
-------+----------+-------------------------------------------
     0 | D:1      | quinnr the Demonspawn Fighter began the quest for the Orb.
     0 | D:1      | Reached XP level 1. HP: 18/18 MP: 1/1
    40 | D:1      | Reached skill level 2 in Maces & Flails
   335 | D:1      | Gained mutation: You regenerate magic rapidly. [demonic
                  | ancestry]
   335 | D:1      | Reached XP level 2. HP: 19/24 MP: 2/2
  1133 | D:2      | Gained mutation: You have large cloven feet. [demonic
                  | ancestry]
  1133 | D:2      | Reached XP level 3. HP: 28/29 MP: 3/3
  1251 | D:1      | Reached skill level 3 in Maces & Flails
  1646 | D:2      | Found a runed translucent door.
  1647 | D:2      | Noticed Crazy Yiuf
  1711 | D:2      | Noticed Natasha
  1722 | D:2      | Killed Natasha
  1723 | D:2      | Gained mutation: You have hoof-like feet. [demonic
                  | ancestry]
  1723 | D:2      | Reached XP level 4. HP: 13/35 MP: 4/4
  2131 | D:2      | Noticed Natasha
  2137 | D:2      | Killed Natasha
  2138 | D:2      | Reached skill level 4 in Maces & Flails
  2265 | D:2      | Noticed Natasha
  2270 | D:2      | Killed Natasha
  2271 | D:2      | Gained mutation: You have hooves in place of feet. [demonic
                  | ancestry]
  2271 | D:2      | Reached XP level 5. HP: 28/41 MP: 5/5
  2987 | D:3      | Reached skill level 5 in Maces & Flails
  3751 | D:3      | Reached XP level 6. HP: 45/47 MP: 6/6
  3980 | D:4      | Found Hezautec's Assorted Antiques.
  4415 | D:4      | Bought a vibrating wooden ring for 145 gold pieces
  4416 | D:4      | Identified the ring "Adghismom" {rF+ rC+ rN+} (You bought
                  | it in a shop on level 4 of the Dungeon)
  4417 | D:4      | quinnr: ??int
  4417 | D:4      | beem: int[1/2]: Affects your spell casting success, your
                  | spell power and your spell hunger. When it reaches 0, you
                  | become {brainless}.
  4465 | D:4      | Reached skill level 1 in Evocations
  4848 | D:5      | Entered Level 5 of the Dungeon
  4874 | D:5      | Reached skill level 1 in Throwing
  4874 | D:5      | Reached XP level 7. HP: 46/52 MP: 7/7
  5101 | D:5      | Reached skill level 6 in Maces & Flails
  5508 | D:5      | Reached skill level 7 in Maces & Flails
  5753 | D:5      | Found a basalt altar of Yredelemnul.
  5796 | D:5      | Became a worshipper of Yredelemnul the Dark
  5844 | D:5      | Reached XP level 8. HP: 58/58 MP: 8/8
  6015 | D:5      | Reached skill level 8 in Maces & Flails
  6921 | D:6      | Found an opulent altar of Gozag.
  7213 | D:6      | Reached * piety under Yredelemnul
  7290 | D:6      | HP: 5/58 [black bear (2)]
  7701 | D:6      | Found a shimmering altar of Xom.
  7739 | D:6      | Reached XP level 9. HP: 54/64 MP: 12/12
  7846 | D:6      | Noticed Eustachio
  7865 | D:6      | Killed Eustachio
  7866 | D:6      | Reached skill level 9 in Maces & Flails
  7869 | D:6      | Reached skill level 5 in Shields
  7943 | D:6      | Found a white marble altar of Elyvilon.
  7947 | D:6      | Found a blossoming altar of Fedhas.
  8272 | D:6      | Found a blossoming altar of Fedhas.
  8576 | D:7      | Found a hide-covered altar of Uskayaw.
  8609 | D:7      | Found a burning altar of Makhleb.
  8850 | D:7      | Found a staircase to the Ecumenical Temple.
  8869 | Temple   | Entered the Ecumenical Temple
  9066 | D:7      | Found a glowing silver altar of Zin.
  9827 | D:7      | Noticed a cyclops
 10515 | D:7      | Found an opulent altar of Gozag.
 10516 | D:7      | Found an iron altar of Okawaru.
 10516 | D:7      | Found a basalt altar of Yredelemnul.
 10516 | D:7      | Found a basalt altar of Yredelemnul.
 10519 | D:7      | Noticed a two-headed ogre
 10525 | D:7      | Killed a two-headed ogre
 10526 | D:7      | Reached skill level 10 in Maces & Flails
 10526 | D:7      | Reached skill level 5 in Armour
 10526 | D:7      | Gained mutation: You are partially covered in large bone
                  | plates. (SH +4) [demonic ancestry]
 10526 | D:7      | Reached XP level 10. HP: 73/73 MP: 13/13
 10621 | D:7      | Found Gassoc's Assorted Antiques.
 10779 | D:4      | Bought a glowing morningstar for 203 gold pieces
 10959 | D:7      | Reached skill level 5 in Fighting
 11024 | D:7      | quinnr: ??drain
 11024 | D:7      | beem: drain[1/4]: For players, reduces your max HP until
                  | you gain enough XP to restore it (no long-term effect). A
                  | potion of experience does not end the effect. Common
                  | sources are {bolt of draining}, monsters wielding a
                  | {draining brand} weapon, costs for Ru or Dith god
                  | abilities, evocable {+Invis}, and the {*drain} artefact
                  | property. For the monster debuff, see drain[2].
 11327 | D:7      | HP: 6/74 [cyclops (15)]
 11329 | D:7      | Hit by a large rock thrown by a cyclops

Illustrated notes

Levels and vault maps discovered:
D:1:      lightli_arrival_noodles, layout_loops_ring
D:2:      layout_loops_ring, serial_bayou_pond_a, uniq_crazy_yiuf_cottage,
          uniq_natasha
D:3:      layout_loops_ring
D:4:      layout_rooms, serial_shops, nicolae_shop_stone
D:5:      layout_gridville, yredelemnul_forgotten_temple_becter
D:6:      layout_basic, lemuel_crystal_altar, marbit_many_paths,
          kennysheep_mini, nicolae_overflow_hidden_temple, fedhas_altar_2,
          uniq_eustachio
D:7:      minmay_the_grid_octo_triangle [minmay_the_grid_octo_toaster,
          minmay_the_grid_octo_prize_big_c, minmay_the_grid_octo_shrine],
          layout_basic, grunt_temple_overflow_open, lemuel_round_altar,
          minmay_temple_entry_ruins, serial_shops, kennysheep_mini_moat,
          grunt_ministairs_2
D:8:      minmay_four_partial_circles, layout_basic, lemuel_doored_altar,
          gammafunk_ghost_smash
Temple:   cyrus_circular_temple

Skill      XL: |  1  2  3  4  5  6  7  8  9 10 |
---------------+-------------------------------+-----
Maces & Flails | 2 3 4 5 7 8 10 | 10.2
Armour         | 3 4 5 |  5.0
Evocations     | 2 3 |  3.9
Throwing       | 1 2 |  2.0
Invocations    | 4 |  4.0
Shields        | 4 5 |  5.0
Fighting       | 4 5 |  5.0

Action                   |  1- 3 |  4- 6 |  7- 9 | 10-12 || total
-------------------------+-------+-------+-------+-------++-------
Melee: Flail             |    78 |   197 |   304 |     5 ||   584
       Kick              |     9 |    59 |    93 |     7 ||   168
       Morningstar       |       |       |       |    23 ||    23
Throw: Stone             |       |       |    45 |     2 ||    47
       Dart              |       |       |    13 |       ||    13
Invok: Animate Remains   |       |       |     3 |     1 ||     4
Evoke: Wand              |       |       |     2 |     3 ||     5
  Use: Scroll            |       |     7 |     3 |     1 ||    11
       Potion            |       |       |     6 |     2 ||     8
Armor: Scale mail        |     5 |       |       |       ||     5
       Chain mail        |    25 |    89 |   143 |     5 ||   262
       Skin              |       |       |     5 |       ||     5
Dodge: Dodged            |    10 |    43 |    66 |     5 ||   124
Block: Kite shield       |    38 |   100 |   170 |    18 ||   326

Table legend: (Time is in decaauts)
 A = Elapsed time spent in this place.
 B = Non-inter-level travel time spent in this place.
 C = Inter-level travel time spent in this place.
 D = Time resting spent in this place.
 E = Time spent auto-exploring this place.
 F = Levels seen in this place.
 G = Mean time per level.
                   A        B        C        D        E       F      G
               +--------+--------+--------+--------+--------+-----+--------+
         Total |  11584 |  10687 |    897 |   3011 |   5693 |   9 | 1287.1 |
       Dungeon |  11521 |  10633 |    888 |   3011 |   5641 |   8 | 1440.1 |
        Temple |     62 |     53 |      9 |      0 |     52 |   1 |   62.0 |
               +--------+--------+--------+--------+--------+-----+--------+

Top non-repeatable levels by time:
     D:6: 2334 daAuts
     D:5: 2102 daAuts
     D:7: 1892 daAuts
     D:1: 1613 daAuts
     D:3: 1483 daAuts
     D:2: 1225 daAuts
     D:4: 867 daAuts
  Temple: 62 daAuts
     D:8: 2 daAuts
